Map: Incorporeal LE

Players

Etherodox

  • Race: Terran Terran
  • League: Master
  • Spawn Location: 11:00

Despacito - Winner!

  • Race: Protoss Protoss
  • League: Diamond
  • Spawn Location: 5:00

VOD

Have the link to the VOD?

Description

Time

  • Played on: Sept. 5, 2025, 2:57 p.m.
  • Length: 15:12
Show
View Real Time Build Order
Export as new Build Order

Etherodox Terran 

Build Orders: Reaper Expand 

Get SALT Encoding   

  12  0:04  SCV  
  13  0:16  SCV  
  13  0:21  Supply Depot  
  15  0:28  SCV  
  15  0:42  Refinery, SCV  
  16  0:44  Barracks  
  16  0:54  SCV  
  17  1:06  SCV  
  18  1:18  SCV  
  18  1:22  Supply Depot  
  19  1:32  Orbital Command  
  19  1:47  Command Center  
  19  1:51  Reaper  
  20  2:01  SCV  
  21  2:08  Supply Depot  
  21  2:13  SCV  
  22  2:22  Marine  
  23  2:38  SCV  
  24  2:46  Factory  
  24  2:49  Barracks Tech Lab  
  24  2:50  Refinery, SCV  
  25  2:58  Orbital Command  
  25  3:02  SCV  
  26  3:05  Supply Depot  
  26  3:14  SCV  
  26  3:17  Barracks Reactor  
  27  3:26  SCV  
  28  3:32  SCV  
  28  3:36  Starport  
  28  3:38  SCV  
  29  3:44  SCV  
  30  3:50  SCV  
  30  3:51  Supply Depot  
  30  3:52  Siege Tank  
  30  3:54  Marine x2  
  36  3:56  SCV  
  37  4:04  Barracks, SCV  
  37  4:08  SCV  
  39  4:13  Supply Depot  
  39  4:16  SCV  
  40  4:17  Starport Reactor  
  40  4:20  SCV  
  40  4:22  Marine x2  
  43  4:24  Siege Tank  
  43  4:28  SCV  
  47  4:35  SCV  
  48  4:40  Marine x2, SCV  
  51  4:47  SCV  
  53  4:52  SCV  
  53  4:56  Barracks Tech Lab, Command Center  
  53  4:58  Marine x2  
  53  4:59  Medivac x2, SCV  
  60  5:05  SCV  
  60  5:11  SCV  
  60  5:16  Marine x2  
  60  5:17  SCV  
  63  5:30  SCV x2  
  63  5:33  Marine, Stimpack  
  63  5:34  Marine x2  
  68  5:39  Refinery  
  68  5:46  Refinery, SCV x2  
  70  5:57  Supply Depot  
  70  5:58  Supply Depot x2  
  70  6:07  Marine x2, Viking, SCV  
  70  6:10  Marine  
  76  6:22  Widow Mine, Orbital Command  
  76  6:23  SCV  
  76  6:25  Marine x2  
  81  6:28  Marine  
  81  6:31  Supply Depot  
  82  6:33  Supply Depot x2  
  82  6:36  Viking  
  82  6:37  Viking  
  86  6:40  Engineering Bay  
  86  6:51  Widow Mine  
  86  6:52  Marine x3  
  91  7:01  Orbital Command  
  91  7:04  SCV x2  
  93  7:09  Marine  
  93  7:10  Marine x2  
  96  7:16  SCV x2  
  98  7:27  Marine  
  99  7:36  Marine x2  
  101  7:37  SCV x2  
  103  7:45  Marine  
  103  7:48  Barracks x2, Terran Infantry Weapons Level 1  
  103  7:49  Barracks, SCV  
  103  7:50  Combat Shield, SCV  
  106  7:53  Marine  
  106  7:55  Marine  
  106  7:56  Engineering Bay  
  106  7:57  SCV  
  106  7:58  Armory  
  109  8:01  SCV  
  109  8:02  SCV  
  109  8:03  Marine  
  112  8:08  Siege Tank  
  112  8:11  Marine  
  116  8:13  Marine, Refinery  
  116  8:15  Refinery  
  117  8:21  Marine  
  117  8:22  Medivac  
  117  8:23  Medivac  
  117  8:25  SCV x3  
  125  8:29  Marine  
  125  8:31  Marine  
  125  8:33  Terran Infantry Armor Level 1  
  127  8:34  Supply Depot  
  127  8:36  Supply Depot, Barracks Tech Lab  
  127  8:37  Barracks Tech Lab x2, SCV x2  
  127  8:38  Marine  
  127  8:40  SCV  
  131  8:47  Marine  
  132  8:49  Marine  
  133  8:56  Siege Tank, Marine, SCV  
  133  8:58  Supply Depot  
  133  9:01  Supply Depot  
  133  9:02  Supply Depot  
  138  9:03  Marauder  
  138  9:04  Supply Depot x2, Marauder x2  
  138  9:07  Marauder  
  138  9:08  Concussive Shells  
  146  9:10  Marine  
  146  9:14  Marine  
  138  9:25  Marauder x3  
  138  9:28  Marine  
  138  9:31  Marine  
  143  9:32  Marine  
  127  9:46  Marine x3, Marauder  
  127  9:47  Siege Tank  
  127  9:49  Marine  
  134  10:04  Marauder x3  
  134  10:07  Marine x2  
  95  10:08  Marauder  
  77  10:24  Marine  
  77  10:25  Marine, Marauder x2  
  77  10:26  Marauder  
  77  10:27  Bunker  
  85  10:28  Bunker  
  85  10:29  Siege Tank, Marauder  
  85  10:32  Medivac x2  
  94  10:37  Terran Infantry Weapons Level 2  
  94  10:38  Terran Infantry Armor Level 2  
  94  10:42  Marine x2  
  95  10:47  Marauder x3  
  102  10:50  SCV  
  102  10:51  Marauder, SCV  
  106  11:00  Marine  
  106  11:02  Marine  
  108  11:08  Medivac, Viking, Marauder x3  
  108  11:10  SCV  
  123  11:32  Marauder  
  123  11:33  Marauder  
  123  11:36  Command Center  
  121  11:46  Widow Mine  
  123  11:50  Marine x2, Marauder x2  
  123  11:53  Marine, Medivac  
  132  12:09  Refinery  
  132  12:18  Factory Reactor  
  119  12:38  Marauder  
  119  12:39  Marauder x2  
  67  13:25  Marine x2, Marauder x3  
  67  13:26  Marauder  
  70  13:46  Marauder  
  70  13:47  Marauder  
  72  14:07  Marine, Marauder, SCV x2  
  72  14:08  Marauder  
  79  14:13  Marine  
  79  14:14  Marauder x2  
  79  14:16  Medivac x2  
  88  14:19  SCV x2  
  90  14:26  Command Center  
  90  14:29  Marauder  
  92  14:44  SCV x2  
  92  14:45  Marine, Marauder  
  98  14:46  Marauder x2  
  101  14:56  SCV  
Show
View Real Time Build Order
Export as new Build Order

Despacito Protoss - Winner!

Build Orders: Oracle Opening 

Get SALT Encoding   

  12  0:00  Probe  
  13  0:12  Probe  
  14  0:18  Pylon  
  14  0:26  Assimilator  
  15  0:37  Probe  
  15  0:38  Gateway  
  15  0:45  Probe  
  16  0:55  Probe  
  17  1:07  Probe  
  18  1:16  Probe  
  18  1:24  Probe  
  19  1:26  Cybernetics Core  
  20  1:33  Probe, Pylon  
  20  1:37  Assimilator  
  21  1:45  Probe  
  22  2:02  Warp Gate  
  22  2:08  Nexus  
  22  2:09  Probe  
  23  2:17  Probe  
  24  2:30  Stargate  
  24  2:31  Stalker  
  25  2:38  Probe  
  26  2:51  Probe  
  27  2:57  Gateway  
  27  2:59  Pylon  
  29  3:09  Sentry  
  29  3:14  Twilight Council  
  29  3:18  Probe  
  30  3:29  Probe  
  30  3:32  Oracle  
  30  3:33  Probe  
  35  3:44  Probe, Shield Battery  
  35  3:47  Gateway  
  36  3:50  Probe  
  36  3:52  Probe  
  37  3:58  Stalker  
  37  4:00  Probe  
  40  4:04  Probe  
  42  4:12  Probe  
  42  4:13  Shield Battery  
  42  4:14  Assimilator  
  43  4:20  Probe  
  43  4:24  Probe  
  43  4:29  Stalker x2, Probe  
  49  4:37  Probe  
  51  4:38  Robotics Facility  
  51  4:41  Probe  
  51  4:42  Pylon  
  52  4:50  Probe, Forge  
  53  4:57  Probe  
  54  5:02  Probe  
  55  5:13  Probe  
  56  5:14  Probe  
  57  5:23  Charge  
  57  5:26  Probe  
  57  5:27  Probe, Assimilator  
  59  5:30  Stalker  
  59  5:34  Observer  
  62  5:38  Pylon  
  62  5:39  Pylon  
  62  5:40  Protoss Ground Weapons Level 1  
  62  5:41  Pylon  
  62  5:48  Gateway  
  62  5:51  Gateway  
  62  5:53  Nexus  
  62  5:56  Probe x2  
  64  6:13  Probe  
  65  6:18  Probe  
  65  6:20  Stalker x3  
  72  6:40  Gateway  
  72  6:41  Gateway  
  72  6:42  Templar Archives  
  72  6:45  Immortal  
  74  7:00  Probe x2  
  76  7:03  Blink  
  76  7:05  Stalker x3  
  76  7:06  Stalker x2  
  86  7:09  Probe  
  86  7:13  Pylon  
  87  7:16  Pylon  
  87  7:30  Zealot x3  
  87  7:31  Zealot x2  
  87  7:36  Psionic Storm  
  96  7:44  Stalker x2  
  100  7:54  Forge  
  100  7:59  Probe x2  
  100  8:00  Probe  
  99  8:09  Assimilator  
  99  8:10  Warp Prism  
  99  8:11  Zealot  
  99  8:12  Zealot x2  
  107  8:13  High Templar x2, Assimilator  
  107  8:17  High Templar x2  
  115  8:21  Archon x2  
  115  8:32  Probe  
  116  8:53  Nexus  
  116  8:54  Zealot x2  
  117  9:05  Pylon  
  117  9:07  Pylon  
  117  9:08  Pylon  
  117  9:10  Pylon  
  109  9:26  Probe x3  
  104  9:43  Zealot x5  
  104  9:44  Zealot x2  
  114  10:09  Stalker  
  114  10:10  Stalker x2, Zealot x2  
  114  10:11  Zealot x2  
  126  10:19  Probe x4  
  128  10:26  Protoss Ground Armor Level 1  
  128  10:27  Protoss Shields Level 1  
  128  10:29  Oracle  
  128  10:31  Probe x2  
  130  10:39  Fleet Beacon  
  133  10:43  Probe x2  
  133  10:45  Assimilator  
  133  10:46  Assimilator  
  133  10:48  Probe x2, Pylon  
  137  10:51  Pylon  
  137  10:52  Pylon  
  137  10:55  Pylon  
  137  10:58  Photon Cannon  
  137  11:02  Photon Cannon  
  137  11:03  Shield Battery  
  137  11:06  Oracle  
  140  11:17  High Templar  
  140  11:18  High Templar x5  
  148  11:19  High Templar  
  162  11:38  Mothership  
  152  11:56  Shield Battery, Photon Cannon  
  152  11:57  Photon Cannon  
  152  11:58  Stargate, Photon Cannon  
  152  12:00  Stargate  
  152  12:01  Photon Cannon  
  152  12:02  Photon Cannon  
  152  12:05  Pylon  
  152  12:07  Photon Cannon  
  152  12:08  Probe x3  
  149  12:20  Probe x2  
  137  12:40  Stalker  
  137  12:41  Stalker  
  137  12:42  Zealot x3  
  128  13:18  Archon  
  111  13:22  Stalker x2  
  111  13:23  Zealot  
  111  13:24  Zealot x4  
  125  13:38  Carrier  
  125  13:39  Carrier  
  137  13:45  Carrier  
  139  14:04  Photon Cannon  
  139  14:06  Photon Cannon  
  139  14:07  Nexus, Shield Battery  
  139  14:08  Pylon  
  139  14:10  Pylon  
  139  14:12  Pylon  
  139  14:13  High Templar x3, Photon Cannon  
  139  14:14  High Templar x2, Photon Cannon  
  149  14:26  Observer  
  150  14:43  Stalker x2  
  150  14:44  Observer  
  163  14:54  Cybernetics Core  
  163  14:55  Photon Cannon  
  163  14:57  Photon Cannon  
  163  14:59  Photon Cannon  
  163  15:01  Shield Battery  
  163  15:04  Photon Cannon  
  163  15:06  Photon Cannon  
  164  15:08  Photon Cannon  
  164  15:09  Photon Cannon  
  164  15:10  Shield Battery  
  164  15:11  Photon Cannon  
Tags
 
Add a new tag
Caveats
  • Supply blocks, unpowered buildings, or Contaminate may cause inaccurate times.
  • Supply counts are checked every 10 seconds.